| TOP OF THE 1ST |
|
Reno Aces batting - Pitching for Las Vegas 51s : RHP David Anzaldua
|
|
Pitching: RHP David Anzaldua
|
|
|
Batting: RHB Ji-an Li
|
0-0: Ball 1-0: Called Strike 1-1: SINGLE (Groundball, 4D, EV 102.5 MPH)
|
|
Batting: LHB Sumiki Okuhara
|
0-0: Ball 1-0: Ball 2-0: Ball 3-0: Called Strike 3-1: Called Strike 3-2: Foul Ball, location: 2F 3-2: Foul Ball, location: 2F 3-2: SINGLE (Groundball, 4D, EV 108.1 MPH) Ji-an Li to second Ji-an Li to third
|
|
Batting: SHB Salvador Aragon
|
0-0: Ball 1-0: Ball 2-0: Called Strike 2-1: Ball 3-1: SINGLE (Line Drive, 4MD, EV 94.4 MPH) Ji-an Li scores Sumiki Okuhara to second
|
|
Batting: LHB Bobby Arevalo
|
0-0: Ball 1-0: Ball 2-0: Foul Ball, location: 2F 2-1: Ball 3-1: Called Strike 3-2: Base on Balls Sumiki Okuhara to third Salvador Aragon to second
|
|
Batting: LHB Kyle Beaulieu
|
0-0: Called Strike 0-1: Called Strike 0-2: Ball 1-2: Ball 2-2: Ball 3-2: Base on Balls Sumiki Okuhara scores Salvador Aragon to third Bobby Arevalo to second
|
|
Batting: RHB Ruben Garza
|
0-0: Grounds into double play, 6-4-3 (Groundball, 6, EV 80.0 MPH) Salvador Aragon scores Bobby Arevalo to third
|
|
Batting: LHB Ian Jarvis
|
0-0: Ball 1-0: Swinging Strike 1-1: Called Strike 1-2: Foul Ball, location: 2F 1-2: SINGLE (Line Drive, 4MD, EV 98.8 MPH) Bobby Arevalo scores
|
|
Batting: LHB Jeff Taylor
|
0-0: Called Strike 0-1: Ball 1-1: Swinging Strike 1-2: Ball 2-2: Strikes out swinging passed ball, reaches first! Ian Jarvis to second
|
|
Batting: SHB Gregg Whitecotton
|
0-0: Foul Ball, location: 2F 0-1: Swinging Strike 0-2: Ball 1-2: Ball 2-2: Strikes out swinging
|
| Top of the 1st over - 4 runs, 4 hits, 0 errors, 2 left on base; Reno 4 - Las Vegas 0 |
| BOTTOM OF THE 1ST |
|
Las Vegas 51s batting - Pitching for Reno Aces : LHP David Legg
|
|
Pitching: LHP David Legg
|
|
|
Batting: LHB Jose Chavez
|
0-0: Ball 1-0: Called Strike 1-1: Ground out U3 (Groundball, 34, EV 91.2 MPH)
|
|
Batting: RHB Bobby Coulombe
|
0-0: Swinging Strike 0-1: Foul Ball, location: 2F 0-2: Strikes out swinging
|
|
Batting: RHB Josh Jones
|
0-0: Ball 1-0: Ball 2-0: Ball 3-0: Called Strike 3-1: Foul Ball, location: 2F 3-2: Foul Ball, location: 2F 3-2: Foul Ball, location: 2F 3-2: Base on Balls
|
|
Batting: RHB Billy Walker
|
0-0: Swinging Strike Pickoff Throw to First - Error! E1 Josh Jones to second 0-1: Ball 1-1: Swinging Strike 1-2: Ball 2-2: Ball 3-2: Foul Ball, location: 2F 3-2: Ground out 1-3 (Groundball, 25, EV 73.8 MPH)
|
| Bottom of the 1st over - 0 runs, 0 hits, 1 error, 1 left on base; Reno 4 - Las Vegas 0 |
| TOP OF THE 2ND |
|
Reno Aces batting - Pitching for Las Vegas 51s : RHP David Anzaldua
|
|
Batting: RHB Ji-an Li
|
0-0: Called Strike 0-1: Ground out 4-3 (Groundball, 4, EV 86.9 MPH)
|
|
Batting: LHB Sumiki Okuhara
|
0-0: Ball 1-0: Ball 2-0: Ball 3-0: Base on Balls
|
|
Batting: SHB Salvador Aragon
|
0-0: Ball 1-0: Ball 2-0: Ball 3-0: Called Strike Pickoff Throw to First - Error! E1 Sumiki Okuhara to second 3-1: Base on Balls
|
|
Batting: LHB Bobby Arevalo
|
0-0: Swinging Strike 0-1: Fielders Choice at 2nd, 3-6 (Groundball, 3, EV 80.0 MPH) Sumiki Okuhara to third
|
|
Batting: LHB Kyle Beaulieu
|
0-0: Called Strike 0-1: Ball 1-1: Ball 2-1: Fielders Choice at 2nd, 5-4 (Groundball, 5, EV 87.5 MPH)
|
| Top of the 2nd over - 0 runs, 0 hits, 1 error, 2 left on base; Reno 4 - Las Vegas 0 |
| BOTTOM OF THE 2ND |
|
Las Vegas 51s batting - Pitching for Reno Aces : LHP David Legg
|
|
Batting: RHB Masaya Nakamura
|
0-0: Ball 1-0: Fly out, F8 (Flyball, 8LD, EV 91.2 MPH)
|
|
Batting: RHB Larry Shoop
|
0-0: Ball 1-0: Ball 2-0: Ball 3-0: Called Strike 3-1: SINGLE (Groundball, 56S, EV 66.2 MPH) (infield hit)
|
|
Batting: RHB David Stayton
|
0-0: Called Strike 0-1: Ball 1-1: Called Strike 1-2: Foul Ball, location: 2F 1-2: Grounds into double play, 4-6-3 (Groundball, 34, EV 91.9 MPH)
|
| Bottom of the 2nd over - 0 runs, 1 hit, 0 errors, 0 left on base; Reno 4 - Las Vegas 0 |
| TOP OF THE 3RD |
|
Reno Aces batting - Pitching for Las Vegas 51s : RHP David Anzaldua
|
|
Batting: RHB Ruben Garza
|
0-0: Called Strike 0-1: Foul Ball, location: 2F 0-2: Foul Ball, location: 2F 0-2: Ball 1-2: Foul Ball, location: 2F 1-2: Ground out 5-3 (Groundball, 56S, EV 73.8 MPH)
|
|
Batting: LHB Ian Jarvis
|
0-0: Called Strike 0-1: Ball 1-1: Called Strike 1-2: Strikes out swinging
|
|
Batting: LHB Jeff Taylor
|
0-0: Ball 1-0: Foul Ball, location: 2F 1-1: Foul Ball, location: 2F 1-2: Ball 2-2: Ball 3-2: Foul Ball, location: 2F 3-2: Base on Balls
|
|
Batting: SHB Gregg Whitecotton
|
0-0: Called Strike 0-1: Called Strike 0-2: Ball 1-2: Strikes out swinging
|
| Top of the 3rd over - 0 runs, 0 hits, 0 errors, 1 left on base; Reno 4 - Las Vegas 0 |
| BOTTOM OF THE 3RD |
|
Las Vegas 51s batting - Pitching for Reno Aces : LHP David Legg
|
|
Batting: RHB Gang-sheng Chew
|
0-0: Fly out, F7 (Flyball, 78M, EV 90.6 MPH)
|
|
Batting: LHB Elmo Dreier
|
0-0: Reached on error, E4 (Groundball, 4, EV 103.1 MPH)
|
|
Batting: LHB Jose Chavez
|
0-0: Foul Ball, location: 2F 0-1: Foul Ball, location: 2F 0-2: Ball Elmo Dreier steals 2nd base 1-2: Ground out 4-3 (Groundball, 4, EV 108.8 MPH) Elmo Dreier to third
|
|
Batting: RHB Bobby Coulombe
|
0-0: Ball 1-0: Ball 2-0: Ball 3-0: Swinging Strike 3-1: Base on Balls
|
|
Batting: RHB Josh Jones
|
0-0: Ground out 5-3 (Groundball, 56S, EV 94.4 MPH)
|
| Bottom of the 3rd over - 0 runs, 0 hits, 1 error, 2 left on base; Reno 4 - Las Vegas 0 |
| TOP OF THE 4TH |
|
Reno Aces batting - Pitching for Las Vegas 51s : RHP David Anzaldua
|
|
Batting: RHB Ji-an Li
|
0-0: Ground out 6-3 (Groundball, 6, EV 91.2 MPH)
|
|
Batting: LHB Sumiki Okuhara
|
0-0: Swinging Strike 0-1: Foul Ball, location: 2F 0-2: Foul Ball, location: 2F 0-2: Ball 1-2: Strikes out swinging
|
|
Batting: SHB Salvador Aragon
|
0-0: Foul Ball, location: 2F 0-1: Ground out 6-3 (Groundball, 56, EV 106.2 MPH)
|
| Top of the 4th over - 0 runs, 0 hits, 0 errors, 0 left on base; Reno 4 - Las Vegas 0 |
| BOTTOM OF THE 4TH |
|
Las Vegas 51s batting - Pitching for Reno Aces : LHP David Legg
|
|
Batting: RHB Billy Walker
|
0-0: Foul Ball, location: 2F 0-1: Ball 1-1: Ball 2-1: Called Strike 2-2: Ball 3-2: Base on Balls
|
|
Batting: RHB Masaya Nakamura
|
0-0: Ball 1-0: Grounds into double play, 4-6-3 (Groundball, 4, EV 108.1 MPH)
|
|
Batting: RHB Larry Shoop
|
0-0: SINGLE (Line Drive, 8RS, EV 106.9 MPH)
|
|
Batting: RHB David Stayton
|
0-0: Called Strike 0-1: Foul Ball, location: 2F 0-2: Ball 1-2: Strikes out swinging
|
| Bottom of the 4th over - 0 runs, 1 hit, 0 errors, 1 left on base; Reno 4 - Las Vegas 0 |
| TOP OF THE 5TH |
|
Reno Aces batting - Pitching for Las Vegas 51s : RHP David Anzaldua
|
|
Batting: LHB Bobby Arevalo
|
0-0: Ball 1-0: Foul Ball, location: 2F 1-1: Ground out U3 (Groundball, 3, EV 101.2 MPH)
|
|
Batting: LHB Kyle Beaulieu
|
0-0: Called Strike 0-1: Ball 1-1: Foul Ball, location: 2F 1-2: SINGLE (Flyball, 56D, EV 89.4 MPH)
|
|
Pitching: RHP Matt Bennett
|
|
|
Batting: RHB Ruben Garza
|
0-0: Called Strike 0-1: Fly out, F8 (Line Drive, 8RD, EV 96.9 MPH)
|
|
Batting: LHB Ian Jarvis
|
0-0: Ball 1-0: Ball Kyle Beaulieu steals 2nd base 2-0: Called Strike Kyle Beaulieu steals 3rd base 2-1: Foul Ball, location: 2F 2-2: Ground out 6-3 (Groundball, 6, EV 84.4 MPH)
|
| Top of the 5th over - 0 runs, 1 hit, 0 errors, 1 left on base; Reno 4 - Las Vegas 0 |
| BOTTOM OF THE 5TH |
|
Las Vegas 51s batting - Pitching for Reno Aces : LHP David Legg
|
|
Batting: RHB Gang-sheng Chew
|
0-0: Called Strike 0-1: Ball 1-1: Foul Ball, location: 2F 1-2: Strikes out swinging
|
|
Batting: LHB Elmo Dreier
|
0-0: Ball 1-0: Swinging Strike 1-1: Swinging Strike 1-2: Ground out 4-3 (Groundball, 4, EV 97.5 MPH)
|
|
Batting: LHB Jose Chavez
|
0-0: Called Strike 0-1: Ball 1-1: Ground out 6-3 (Groundball, 6, EV 95.6 MPH)
|
| Bottom of the 5th over - 0 runs, 0 hits, 0 errors, 0 left on base; Reno 4 - Las Vegas 0 |
| TOP OF THE 6TH |
|
Reno Aces batting - Pitching for Las Vegas 51s : RHP Matt Bennett
|
|
Batting: LHB Jeff Taylor
|
0-0: Swinging Strike 0-1: Fly out, F7 (Flyball, 7, EV 85.6 MPH)
|
|
Batting: SHB Gregg Whitecotton
|
0-0: Foul Ball, location: 2F 0-1: Called Strike 0-2: Ball 1-2: Strikes out swinging
|
|
Batting: RHB Ji-an Li
|
0-0: Ball 1-0: Fly out, F8 (Flyball, 8RXD, EV 85.6 MPH)
|
| Top of the 6th over - 0 runs, 0 hits, 0 errors, 0 left on base; Reno 4 - Las Vegas 0 |
| BOTTOM OF THE 6TH |
|
Las Vegas 51s batting - Pitching for Reno Aces : LHP David Legg
|
|
Batting: RHB Bobby Coulombe
|
0-0: Ball 1-0: Called Strike 1-1: Ground out 6-3 (Groundball, 6M, EV 91.9 MPH)
|
|
Batting: RHB Josh Jones
|
0-0: Ball 1-0: Ball 2-0: Ground out 4-3 (Groundball, 34D, EV 101.2 MPH)
|
|
Batting: RHB Billy Walker
|
0-0: Foul Ball, location: 2F 0-1: Ball 1-1: Swinging Strike 1-2: SOLO HOME RUN (Flyball, 8LXD, EV 114.4 MPH), Distance : 457 ft
|
|
Batting: RHB Masaya Nakamura
|
0-0: Ground out 1-3 (Groundball, 15S, EV 71.2 MPH)
|
| Bottom of the 6th over - 1 run, 1 hit, 0 errors, 0 left on base; Reno 4 - Las Vegas 1 |
| TOP OF THE 7TH |
|
Reno Aces batting - Pitching for Las Vegas 51s : RHP Matt Bennett
|
|
Pitching: LHP Zachary DeVault
|
|
|
Batting: LHB Sumiki Okuhara
|
0-0: Foul Ball, location: 2F 0-1: Foul Ball, location: 2F 0-2: Foul Ball, location: 2F 0-2: Ground out U3 (Groundball, 13, EV 83.8 MPH)
|
|
Batting: SHB Salvador Aragon
|
0-0: Ball 1-0: Ground out 6-3 (Groundball, 6, EV 87.5 MPH)
|
|
Batting: LHB Bobby Arevalo
|
0-0: SINGLE (Flyball, 8LS, EV 98.8 MPH)
|
|
Batting: LHB Kyle Beaulieu
|
0-0: Foul Ball, location: 2F 0-1: Foul Ball, location: 2F 0-2: Ball 1-2: Foul Ball, location: 2F 1-2: Ball Bobby Arevalo is caught stealing 2nd base 2-6
|
| Top of the 7th over - 0 runs, 1 hit, 0 errors, 0 left on base; Reno 4 - Las Vegas 1 |
| BOTTOM OF THE 7TH |
|
Las Vegas 51s batting - Pitching for Reno Aces : LHP David Legg
|
|
Batting: RHB Larry Shoop
|
0-0: Called Strike 0-1: Ball 1-1: Swinging Strike 1-2: Foul Ball, location: 2F 1-2: Ball 2-2: Foul Ball, location: 2F 2-2: Strikes out swinging
|
|
Batting: RHB David Stayton
|
0-0: Called Strike 0-1: Ball 1-1: SINGLE (Groundball, 56, EV 105.6 MPH)
|
|
Batting: RHB Gang-sheng Chew
|
0-0: Ball 1-0: Ball 2-0: Ball 3-0: Called Strike 3-1: Swinging Strike 3-2: Fly out, F7 (Flyball, 78M, EV 86.9 MPH)
|
|
Batting: LHB Elmo Dreier
|
0-0: Ball 1-0: Ball 2-0: Ball 3-0: Called Strike 3-1: DOUBLE (Line Drive, 89D, EV 111.9 MPH) David Stayton to third Runner from 3rd tries for Home, SAFE, no throw by RF
|
|
Batting: LHB Jose Chavez
|
0-0: Called Strike 0-1: Foul Ball, location: 2F 0-2: Foul Ball, location: 2F 0-2: Strikes out swinging
|
| Bottom of the 7th over - 1 run, 2 hits, 0 errors, 1 left on base; Reno 4 - Las Vegas 2 |
| TOP OF THE 8TH |
|
Reno Aces batting - Pitching for Las Vegas 51s : LHP Zachary DeVault
|
|
Batting: LHB Kyle Beaulieu
|
0-0: Swinging Strike 0-1: Swinging Strike 0-2: Ball 1-2: Strikes out looking
|
|
Batting: RHB Ruben Garza
|
0-0: Fly out, F3 (Line Drive, 3, EV 68.8 MPH)
|
|
Batting: LHB Ian Jarvis
|
0-0: Foul Ball, location: 2F 0-1: Swinging Strike 0-2: Strikes out looking
|
| Top of the 8th over - 0 runs, 0 hits, 0 errors, 0 left on base; Reno 4 - Las Vegas 2 |
| BOTTOM OF THE 8TH |
|
Las Vegas 51s batting - Pitching for Reno Aces : LHP David Legg
|
|
Pitching: RHP Nick Burcham
|
|
|
Batting: RHB Bobby Coulombe
|
0-0: Ball 1-0: Swinging Strike 1-1: Swinging Strike 1-2: Foul Ball, location: 2F 1-2: Foul Ball, location: 2F 1-2: Ball 2-2: Foul Ball, location: 2F 2-2: Strikes out swinging
|
|
Batting: RHB Josh Jones
|
0-0: Swinging Strike 0-1: Foul Ball, location: 2F 0-2: Strikes out swinging
|
|
Batting: RHB Billy Walker
|
0-0: Foul Ball, location: 2F 0-1: Called Strike 0-2: Foul Ball, location: 2F 0-2: Ground out 5-3 (Groundball, 56, EV 87.5 MPH)
|
| Bottom of the 8th over - 0 runs, 0 hits, 0 errors, 0 left on base; Reno 4 - Las Vegas 2 |
| TOP OF THE 9TH |
|
Reno Aces batting - Pitching for Las Vegas 51s : LHP Zachary DeVault
|
|
Batting: RHB Dave Vargas
|
0-0: Ball 1-0: SOLO HOME RUN (Flyball, 78XD, EV 105.0 MPH), Distance : 434 ft
|
|
Batting: SHB Gregg Whitecotton
|
0-0: Foul Ball, location: 2F 0-1: Swinging Strike 0-2: Strikes out looking
|
|
Batting: RHB Ji-an Li
|
0-0: Ball 1-0: Ground out U3 (Groundball, 3S, EV 81.2 MPH)
|
|
Batting: LHB Sumiki Okuhara
|
0-0: Foul Ball, location: 2F 0-1: Ball 1-1: Foul Ball, location: 2F 1-2: Ball 2-2: Ball 3-2: Ground out 4-3 (Groundball, 4, EV 81.9 MPH)
|
| Top of the 9th over - 1 run, 1 hit, 0 errors, 0 left on base; Reno 5 - Las Vegas 2 |
| BOTTOM OF THE 9TH |
|
Las Vegas 51s batting - Pitching for Reno Aces : RHP Nick Burcham
|
|
Pitching: RHP Stanford Placard
|
|
|
Batting: RHB Masaya Nakamura
|
0-0: DOUBLE (Flyball, 8RXD, EV 98.8 MPH)
|
|
Pinch Hitting: LHB Adam Hairston
|
0-0: Ball 1-0: Called Strike 1-1: Ball 2-1: Swinging Strike 2-2: Ball 3-2: Foul Ball, location: 2F 3-2: Base on Balls
|
|
Batting: RHB David Stayton
|
0-0: Grounds into double play, 6-4-3 (Groundball, 6, EV 85.0 MPH) Masaya Nakamura to third
|
|
Pinch Hitting: SHB Tomas Caldera
|
0-0: Called Strike 0-1: Fly out, F4 (Line Drive, 4, EV 70.0 MPH)
|
| Bottom of the 9th over - 0 runs, 1 hit, 0 errors, 1 left on base; Reno 5 - Las Vegas 2 |
|